AoeStats
← marius.zwei91

Arabia

508449359Analyzed
1v1 RM · 11d ago on Sep 22, 2026· 56m 5s· 2 players
Game mode
Random Map
Map size
Tiny (2 player)
Population
200
Speed
Normal
Resources
Standard
Victory
Conquest
Starting age
Dark Age
Ending age
Imperial Age
RankedLock teamsTeams togetherTeam positionsShared explorationLock speedFull tech treeHidden civsTurbo modeCheats
Victory
Defeat
🇩🇪 Huns · Germany
739
+14
🇵🇪 Sicilians · Peru
705
-14
P.A.G.E
5:55 Loom
15:21 Feudal Age
17:13 Double-Bit Axe
17:12 Horse Collar
26:33 Castle Age
24:27 Fletching
26:06 Scale Mail Armor
26:17 Forging
28:13 Heavy Plow
28:52 Wheelbarrow
28:00 Pikeman
33:22 Bow Saw
34:48 Hand Cart
43:56 Imperial Age
42:54 Chain Mail Armor
43:34 Murder Holes
46:01 Chemistry
46:31 Plate Mail Armor
47:45 Iron Casting
49:02 Halberdier
51:52 Town Watch
marius.zwei91
7:48 Loom
11:26 Feudal Age
16:11 Castle Age
15:26 Double-Bit Axe
17:55 Scale Barding Armor
26:32 Elite Skirmisher
28:10 Fletching
41:12 Imperial Age
51:45 Bodkin Arrow
Connection lost

Rejoining the realm…

Still unreachable

The connection could not be restored.

Session expired

The server has moved on; the page needs a fresh start.